 Dungeon Crawl Stone Soup version 0.31.0-11-ge490571c62 (webtiles) character file.

Game seed: 8086074535618952139

23 Killerpretzel the Changeling (level 2, -1/18 HPs)
             Began as an Octopode Shapeshifter on Feb 7, 2024.
             Slain by a goblin
             ... wielding a +0 club
             ... led by Robin
              (6 damage)
             ... on level 1 of the Dungeon.
             The game lasted 00:01:40 (559 turns).

Killerpretzel the Changeling (Octopode Shapeshifter) Turns: 559, Time: 00:01:41

Health: -1/18      AC:  1    Str: 13    XL:     2   Next: 95%
Magic:  2/2        EV: 13    Int: 12    God:
Gold:   59         SH:  0    Dex: 11    Spells: 1/1 levels left

rFire   . .          .
                       - Unarmed
rCold   . . .        (no shield)
rNeg    . . .        (helmet currently unavailable)
rPois   .            (no amulet)
rElec   .            (no ring)
rCorr   .            (no ring)
SInv    .            (no ring)
Will    .....        (no ring)
Stlth   ++           (no ring)
HPRegen 0.23/turn    (no ring)
MPRegen 0.08/turn    (no ring)
                     (no ring)

%: no passive effects
@: beast-form
A: beast (slay +1), almost no armour, amphibious, 8 rings, camouflage 1,
gelatinous body 1, (nimble swimmer 1), tentacles
a: Begin Untransformation


You were on level 1 of the Dungeon.
You were a hulking beast.
You visited 1 branch of the dungeon, and saw 2 of its levels.

You collected 59 gold pieces.

Inventory:

Jewellery
 d - a ring of fire
Talismans
 b - a beast talisman
 c - a flux talisman
Scrolls
 e - a scroll of identify {unknown}
Potions
 a - 3 potions of lignification


   Skills:
 + Level 1.4 Fighting
 + Level 2.3 Dodging
 + Level 3.2 Unarmed Combat
 * Level 3.3 Shapeshifting


You had one spell level left.
You didn't know any spells.
Your spell library contained the following spells:

 Spells                   Type           Power      Damage    Failure   Level
 Kiss of Death            Conj/Necr      0%         2d5       32%         1
 Confusing Touch          Hex            0%         N/A       69%         3
 Dispel Undead            Necr           0%         3d6       97%         4


Dungeon Overview and Level Annotations

Branches:
Dungeon (2/15)

Altars:

Shops:
D:1 *

Annotations:
D:2 Robin, Terence


Innate Abilities, Weirdness & Mutations

You are a hulking beast.
Your limbs bulge with bestial killing power. (Slay +1)
You cannot wear most types of armour.
You are amphibious.
You can wear up to eight rings at the same time.
Your skin changes colour to match your surroundings (Stealth+).
Your rubbery body absorbs attacks. (AC +1, EV +1)
((You are camouflaged when in or above water. (Stealth+)))
You have tentacles for arms and can constrict up to eight enemies at once.


Message History

A hobgoblin comes into view.
The hobgoblin moves out of view.
No target in view!
A hobgoblin is nearby!
Robin and 6 goblins come into view.
Robin is wielding a +2 dagger of speed and wearing a +2 helmet of see invisible.
A goblin is wielding a +2 dagger of electrocution.
The goblin shouts! x2; Robin shouts!
Robin's horned helmet rattles.
Robin throws the goblin at you!
You hear a shout!
There are monsters nearby!
The goblin shouts! x2; You hear a shout!
There is a stone staircase leading up here.
Robin roars a battlecry!
The goblins go into a battle-frenzy!
You hear a shout!
You tentacle-slap the hobgoblin. You grab the hobgoblin.
You squeeze the hobgoblin.
You kill the hobgoblin!
There are monsters nearby!
Robin throws the goblin at you! The goblin hits you with a +0 club.
The goblin closely misses you. The goblin hits you with a +0 club.
You climb upwards.
There is a stone staircase leading down here.
You barely miss the goblin. Your grab misses the goblin.
Your squeeze misses the goblin. The goblin hits you with a +0 club.
The goblin misses you.
You are too injured to fight recklessly!
You tentacle-slap the goblin.
You kill the goblin!
The goblin hits you with a +0 club.
* * * LOW HITPOINT WARNING * * *
You tentacle-slap the goblin. Your grab misses the goblin.
The goblin is heavily wounded.
You tentacle-slap the goblin but do no damage.
You grab the goblin.
The goblin is heavily wounded.
You constrict the goblin, but do no damage.
The goblin hits you with a +0 club.
You die...

.# ##.##....# #.#####.....##
.###..#..>..###...........##
........##.......###.......#
...#.........###.# #.......#
.#...####...####.###.......#
.......##.#.#.............##
.....#....#.#........#..)##
##........รท..........#####
..####.###..#..)h....#
#.##...# #.....g)....#
#......# ##..#########
####[#.# #..# .....#.# #..#
...###.# #..##
.....#.#####..# ##...#...#
#### ###...##.#


You could see a goblin (strong).

Vanquished Creatures
  A dart slug (D:1)
  A bat (D:2)
  An endoplasm (D:1)
  A giant cockroach (D:1)
  4 goblins (D:1)
  3 hobgoblins
  A kobold (D:1)
  A quokka (D:1)
  2 frilled lizards (D:1)
  3 rats (D:1)
18 creatures vanquished.

Notes
Turn   | Place    | Note
-------+----------+-------------------------------------------
     0 | D:1      | Killerpretzel the Octopode Shapeshifter began the quest for
                  | the Orb.
     0 | D:1      | Reached XP level 1. HP: 13/13 MP: 1/1
    80 | D:1      | Reached XP level 2. HP: 18/18 MP: 2/2
    88 | D:1      | Found Vipyek's Assorted Antiques.
   476 | D:2      | Noticed Terence
   546 | D:2      | Noticed Robin
   559 | D:1      | Slain by a goblin

Illustrated notes

Levels and vault maps discovered:
D:1:      lightli_arrival_chessboard, layout_rooms, serial_shops, shop
D:2:      layout_rooms, uniq_robin, uniq_terence

Action                     || total
---------------------------++-------
  Melee: Unarmed           ||    31
         Constrict         ||    10
         Tentacles         ||     9
         Punch             ||     1
   Stab: Sleeping          ||     6
 Armour: Skin              ||    11
  Dodge: Dodged            ||    15
